 Dungeon Crawl Stone Soup version 0.26.1-11-gd32895ea62 (webtiles) character file.

Game seed: 4908574859072873537

42 kodamatunes15 the Ruffian (level 3, -1/30 HPs)
             Began as a Ghoul Gladiator on May 5, 2021.
             Slain by a kobold
             ... wielding a +0 short sword
              (4 damage)
             ... on level 2 of the Dungeon.
             The game lasted 00:07:27 (870 turns).

kodamatunes15 the Ruffian (Ghoul Gladiator)          Turns: 870, Time: 00:07:28

Health: -1/30      AC: 12    Str: 17    XL:     3   Next: 54%
Magic:  2/2        EV:  7    Int:  4    God:
Gold:   19         SH:  0    Dex: 10    Spells: 2/2 levels left

rFire    . . .     SeeInvis .   g - +0 dagger
rCold    + . .     Faith    .   (no shield)
rNeg     + + +     Spirit   .   f - +0 chain mail
rPois    ∞         Reflect  .   h - +2 helmet
rElec    .         Harm     .   d - +0 cloak
rCorr    .         Rampage  .   (no gloves)
Will     .....                  (no boots)
Stlth    ..........             (no amulet)
HPRegen  0.00/turn              (no ring)
MPRegen  0.08/turn              (no ring)

@: no status effects
A: claws 1, cold resistance 1, negative energy resistance 3, inhibited
regeneration, torment resistance, unbreathing
a: no special abilities


You were on level 2 of the Dungeon.
You visited 1 branch of the dungeon, and saw 2 of its levels.

You collected 19 gold pieces.

Inventory:

Hand Weapons
 g - a +0 dagger (weapon)
Missiles
 c - 3 throwing nets (quivered)
Armour
 d - a +0 cloak (worn)
 f - a +0 chain mail (worn)
 h - a +2 helmet (worn)
Scrolls
 a - a scroll of teleportation
 e - 2 scrolls of remove curse


   Skills:
 + Level 2.4 Fighting
 + Level 0.6 Short Blades
 + Level 1.8 Throwing
 + Level 1.0 Armour
 + Level 2.9 Dodging
 + Level 4.0 Unarmed Combat


You had 2 spell levels left.
You didn't know any spells.
Your spell library was empty.

Dungeon Overview and Level Annotations

Branches:
Dungeon (2/15)

Altars:
Makhleb
Okawaru


Innate Abilities, Weirdness & Mutations

You thrive by killing the living.
You are immune to poison.
You have sharp fingernails.
Your flesh is cold resistant. (rC+)
You are immune to negative energy. (rN+++)
You do not regenerate when monsters are visible.
You are immune to unholy pain and torment.
You can survive without breathing.


Message History

The kobold barely misses you. The orc hits you but does no damage. x3
You closely miss the orc. The kobold closely misses you.
The orc closely misses you. The orc hits you but does no damage.
The orc closely misses you.
You barely miss the orc.
The orc is severely wounded.
The kobold hits you but does no damage. The orc completely misses you.
The orc hits you but does no damage.
Your chain mail prevents you from hitting the orc.
The orc hits you but does no damage. The kobold hits you but does no damage.
The orc hits you but does no damage. The orc barely misses you.
You hit the orc.
You kill the orc!
You feel better. The orc hits you but does no damage.
The kobold hits you but does no damage.
You closely miss the orc. The orc hits you but does no damage.
The kobold hits you but does no damage. The orc closely misses you.
You hit the orc but do no damage. The orc hits you but does no damage.
The kobold hits you with a +0 short sword.
You die...

..##.#####...#
.##...#####'####
##.....##......#
#.......#..###.#
...._......# #.#
#.......#### #.#
##.....##
#.#####+###
.##...##
###...o......
..##.##
#....@K......
#....#
#.##o)[......
###### #.
#......... #
#......_..
#....$....
#.........
#########.


You could see 2 orcs and a kobold.

Vanquished Creatures
  2 dart slugs (D:1)
  2 leopard geckos (D:1)
  2 orcs (D:2)
  A ball python (D:1)
  5 bats
  2 giant cockroaches
  3 goblins (D:1)
  5 hobgoblins (D:1)
  A quokka (D:2)
  2 frilled lizards
  2 kobolds
  4 rats (D:1)
31 creatures vanquished.

Notes
Turn   | Place    | Note
-------+----------+-------------------------------------------
     0 | D:1      | kodamatunes15 the Ghoul Gladiator began the quest for the
                  | Orb.
     0 | D:1      | Reached XP level 1. HP: 17/17 MP: 0/0
    69 | D:1      | Reached XP level 2. HP: 4/24 MP: 1/1
   401 | D:1      | Reached XP level 3. HP: 29/29 MP: 2/2
   694 | D:1      | Reached skill level 4 in Unarmed Combat
   753 | D:2      | Found an iron altar of Okawaru.
   764 | D:2      | Reached skill level 1 in Armour
   834 | D:2      | Found a burning altar of Makhleb.
   870 | D:2      | Slain by a kobold

Illustrated notes

Levels and vault maps discovered:
D:1:      matt_arrival_diagonals, layout_basic
D:2:      layout_basic, lemuel_round_altar, bloody_makhleb,
          overflow_temple_1_default

Skill      XL: |  1  2  3 |
---------------+----------+-----
Unarmed Combat | 4 |  4.0
Armour         | 1 |  1.0
Fighting       | |  2.4
Short Blades   | |  0.6
Throwing       | |  1.8
Dodging        | |  2.9

Action                   || total
-------------------------++-------
Melee: Unarmed           ||    56
       Dagger            ||   121
       Punch             ||     2
  Use: Scroll            ||     5
Armor: Leather armour    ||     5
       Chain mail        ||   162
Dodge: Dodged            ||   122
